Map: Catallena LE (Void)

Players

Peachy

  • Race: Terran Terran
  • League: Platinum
  • Spawn Location: 12:00

MiLuMiL - Winner!

  • Race: Terran Terran
  • League: Gold
  • Spawn Location: 9:00

VOD

Have the link to the VOD?

Description

Time

  • Played on: Aug. 10, 2017, 4:59 p.m.
  • Length: 16:58
Show
View Real Time Build Order
Export as new Build Order

Peachy Terran 

Build Orders:  

Get SALT Encoding   

  12  0:01  SCV  
  13  0:13  SCV  
  14  0:18  Supply Depot  
  14  0:27  SCV  
  15  0:39  SCV  
  16  0:42  Barracks  
  16  0:51  Refinery, SCV  
  17  1:04  SCV  
  18  1:05  Refinery  
  18  1:16  SCV  
  19  1:28  SCV  
  20  1:32  Supply Depot  
  20  1:48  Factory  
  20  1:55  SCV  
  21  2:07  SCV  
  22  2:20  SCV  
  23  2:27  Refinery  
  23  2:32  SCV  
  23  2:44  SCV  
  24  2:46  Starport  
  24  2:47  Factory Tech Lab  
  24  2:51  Armory  
  24  2:56  SCV  
  25  3:01  Barracks Tech Lab  
  25  3:08  SCV  
  25  3:10  Factory  
  26  3:20  SCV  
  26  3:26  Starport Reactor  
  27  3:32  SCV  
  28  3:37  Command Center  
  28  3:44  Supply Depot, SCV  
  29  3:55  Factory Tech Lab  
  29  4:01  SCV  
  30  4:07  Thor  
  36  4:13  SCV  
  37  4:18  Medivac  
  39  4:29  Supply Depot  
  39  4:38  Supply Depot  
  39  4:49  SCV, Medivac  
  39  4:50  Terran Vehicle Weapons Level 1  
  42  5:01  SCV  
  43  5:11  Thor  
  43  5:13  SCV  
  50  5:25  SCV  
  51  5:37  SCV  
  31  6:21  SCV  
  32  6:26  SCV  
  33  6:33  SCV  
  33  6:38  SCV, Thor  
  41  6:45  SCV  
  42  6:50  SCV  
  43  6:57  SCV  
  44  7:02  SCV  
  44  7:07  Thor  
  51  7:09  Refinery, SCV  
  51  7:11  Refinery  
  52  7:17  SCV  
  52  7:22  Supply Depot  
  53  7:23  SCV  
  54  7:41  Thor  
  60  7:48  SCV x2  
  48  8:58  Command Center  
  48  9:05  Medivac x2  
  52  9:11  SCV  
  53  9:23  SCV  
  54  9:35  SCV  
  55  9:46  Command Center  
  55  10:00  Supply Depot  
  55  10:09  Supply Depot, Thor  
  55  10:10  SCV  
  62  10:32  Thor  
  66  10:52  Medivac  
  68  11:11  SCV  
  69  11:23  SCV  
  58  11:35  Thor, SCV  
  57  11:47  SCV  
  58  12:00  SCV  
  59  12:12  SCV  
  59  12:15  Engineering Bay  
  60  12:16  Viking  
  60  12:20  SCV  
  63  12:37  Refinery, SCV  
  64  12:51  Supply Depot  
  65  12:58  SCV  
  65  13:02  Refinery  
  66  13:06  Planetary Fortress  
  41  13:52  Planetary Fortress  
  41  13:57  SCV  
  42  14:04  Missile Turret  
  42  14:05  Missile Turret  
  42  14:06  Missile Turret  
  42  14:09  SCV  
  43  14:21  SCV  
  44  14:29  SCV  
  45  14:33  SCV  
  46  14:41  SCV, Missile Turret  
  46  14:44  Missile Turret  
  47  14:46  SCV  
  47  14:49  Missile Turret  
  48  14:54  SCV  
  48  14:58  SCV  
  50  15:17  High Capacity Fuel Tanks  
  48  15:26  SCV x2  
  48  15:27  Missile Turret  
  50  15:38  Command Center  
  50  15:55  Command Center  
  47  16:19  SCV  
  47  16:20  SCV  
  37  16:46  SCV x2  
Show
View Real Time Build Order
Export as new Build Order

MiLuMiL Terran - Winner!

Build Orders:  

Get SALT Encoding   

  12  0:00  SCV  
  13  0:17  Supply Depot  
  13  0:18  SCV  
  14  0:30  SCV  
  15  0:40  Barracks  
  15  0:44  Refinery  
  15  0:45  SCV  
  16  0:57  SCV  
  17  1:13  SCV  
  18  1:25  SCV  
  19  1:30  Barracks Reactor  
  19  1:38  Command Center  
  19  1:47  Orbital Command  
  19  2:08  Marine x2  
  20  2:10  Supply Depot  
  21  2:26  Marine x2  
  23  2:33  SCV  
  24  2:43  Marine  
  24  2:44  Factory, Marine  
  25  2:45  SCV  
  25  2:47  Refinery  
  27  3:01  Marine x2  
  27  3:02  Orbital Command  
  27  3:05  SCV  
  30  3:17  SCV  
  31  3:28  Marine x2  
  31  3:33  SCV  
  34  3:34  SCV  
  35  3:41  Supply Depot  
  35  3:45  SCV  
  35  3:46  Factory Reactor, Marine x2  
  35  3:47  Starport, SCV  
  39  4:02  SCV x2  
  41  4:04  Marine x2  
  43  4:14  SCV x2  
  45  4:20  Engineering Bay  
  45  4:32  Barracks, Factory Tech Lab, Marine x2  
  45  4:33  Medivac x2  
  51  4:44  SCV x2  
  53  4:53  Supply Depot  
  53  4:56  SCV  
  53  4:57  Engineering Bay  
  54  5:03  Terran Infantry Weapons Level 1  
  54  5:15  SCV x2, Siege Tank  
  59  5:24  Barracks Tech Lab, Missile Turret  
  59  5:27  SCV  
  54  5:44  Marine x3  
  57  6:02  Marine x3  
  57  6:03  Orbital Command  
  60  6:08  Medivac x2  
  56  6:20  Marine x3  
  59  6:37  Marine x2  
  59  6:38  Marine  
  62  6:48  Command Center  
  62  6:50  Refinery  
  62  6:52  Refinery  
  62  7:03  Supply Depot x2  
  62  7:07  Supply Depot  
  62  7:24  SCV x2, Marine x3  
  67  7:42  Marine x2  
  70  7:45  Barracks Tech Lab  
  69  7:53  Command Center  
  68  8:02  Orbital Command  
  68  8:06  Refinery  
  68  8:27  Terran Infantry Armor Level 1  
  68  8:30  Marine x3  
  71  8:41  Command Center  
  69  8:48  Marine x3  
  56  9:05  Marine  
  56  9:06  Viking, Marine x2  
  56  9:07  Starport  
  61  9:15  SCV  
  61  9:23  Marine x2  
  61  9:24  Marine  
  64  9:27  SCV  
  65  9:33  Orbital Command, Siege Tank  
  65  9:37  Liberator  
  68  9:39  SCV  
  68  9:41  Marine x3  
  72  9:59  Refinery, Marine x3  
  78  10:17  Marine x3  
  78  10:18  Starport  
  80  10:21  SCV  
  80  10:22  Refinery  
  66  10:33  SCV  
  66  10:34  Marine  
  66  10:35  Siege Tank, Orbital Command, Marine x2  
  71  10:45  SCV  
  72  10:52  Marine  
  72  10:56  Starport  
  72  10:57  SCV  
  73  11:10  SCV  
  72  11:28  Marine x3  
  51  11:45  Marine, Siege Tank  
  51  11:46  Marine x2  
  55  11:56  Orbital Command  
  55  11:59  SCV x2  
  57  12:03  Marine x2  
  59  12:11  SCV x2  
  59  12:12  SCV  
  59  12:14  Starport Tech Lab x2  
  62  12:17  Siege Tank  
  62  12:20  Refinery  
  62  12:22  Marine x3  
  68  12:23  SCV x2  
  68  12:24  SCV, Medivac  
  68  12:25  Medivac  
  75  12:35  SCV x2  
  75  12:36  SCV  
  78  12:40  Marine x3  
  81  12:48  SCV  
  82  12:57  Banshee x2, Marine  
  82  12:58  Cloaking Field, Marine x2  
  91  13:00  SCV  
  90  13:15  Marine x2  
  90  13:16  Marine  
  91  13:33  Marine x3  
  70  13:49  Medivac  
  70  13:50  Medivac  
  70  13:51  Marine x3  
  70  13:54  Combat Shields  
  77  14:07  SCV x3  
  77  14:09  Armory, Marine x3  
  83  14:17  SCV  
  84  14:19  SCV x2  
  84  14:20  Banshee x2  
  92  14:27  Marine x3  
  92  14:29  SCV, Siege Tank  
  99  14:31  SCV  
  100  14:41  Barracks, SCV  
  100  14:44  SCV, Marine x2  
  100  14:45  Starport Reactor, Marine  
  105  14:53  SCV  
  105  14:56  SCV  
  105  14:57  Engineering Bay  
  107  15:02  Marine  
  108  15:09  Banshee  
  108  15:11  Supply Depot, Banshee  
  108  15:12  Supply Depot  
  108  15:14  Supply Depot  
  102  15:31  Marine x4  
  102  15:33  Siege Tank  
  109  15:49  Marine x4  
  113  15:51  Banshee  
  113  15:54  Banshee  
  97  16:05  Siege Tank  
  97  16:07  Marine x4  
  94  16:11  Medivac x2  
  94  16:12  Medivac x2  
  102  16:24  Marine  
  103  16:34  Command Center  
Tags
 
Add a new tag
Caveats
  • Supply blocks, unpowered buildings, or Contaminate may cause inaccurate times.
  • Supply counts are checked every 10 seconds.